 Dungeon Crawl Stone Soup version 0.23.2-33-g5129a83184 (webtiles) character file.

Game seed: 13210739694247754194

184 Derp the Poker (level 5, 0/58 HPs)
             Began as a Demonspawn Gladiator on July 24, 2019.
             Succumbed to a scorpion's poison
             ... on level 4 of the Dungeon.
             The game lasted 00:06:03 (3611 turns).

Derp the Poker (Demonspawn Gladiator)               Turns: 3611, Time: 00:06:04

Health: 0/58       AC: 22    Str: 14    XL:     5   Next: 36%
Magic:  5/5        EV:  2    Int: 10    God:
Gold:   152        SH:  0    Dex: 15    Spells: 4/4 levels left

rFire    . . .     SeeInvis .   a - +0 trident
rCold    . . .     Gourm    .   (no shield)
rNeg     + + +     Faith    .   (armour currently unavailable)
rPois    +         Spirit   .   (helmet currently unavailable)
rElec    .         Reflect  .   (cloak currently unavailable)
rCorr    .         Harm     .   (gloves currently unavailable)
MR       .....     NoTele   +   (boots currently unavailable)
Stlth    ++........             (no amulet)
HPRegen  0.19/turn              (no ring)
MPRegen  0.09/turn              (no ring)

@: lethally poisoned (0 -> -12), tree-form
A: powered by death 1
a: no special abilities


You were on level 4 of the Dungeon.
You were not hungry.
You were a tree.
You visited 1 branch of the dungeon, and saw 4 of its levels.

You collected 152 gold pieces.

Inventory:

Hand Weapons
 a - a +0 trident (weapon)
Missiles
 d - 3 throwing nets (quivered)
Armour
 b - a +0 leather armour (melded)
 c - a +0 helmet
 g - a +0 pair of gloves
 p - a cursed +0 leather armour
Jewellery
 v - an uncursed ring of protection from cold {unknown}
Scrolls
 i - 2 scrolls of teleportation {unknown}
 j - 2 scrolls of identify {unknown}
 m - a scroll of blinking {unknown}
 r - a scroll of amnesia {unknown}
 s - 4 scrolls of remove curse {unknown}
 t - a scroll of immolation {unknown}
 u - a scroll of magic mapping {unknown}
Potions
 e - a potion of brilliance {unknown}
 h - a potion of ambrosia {unknown}
 l - a potion of curing {unknown}
 n - 2 potions of heal wounds {unknown}
 o - a potion of degeneration {unknown}
 q - 3 potions of might {unknown}
 w - a potion of flight {unknown}
Comestibles
 f - 2 rations


   Skills:
 + Level 2.7 Fighting
 + Level 4.1 Polearms
 + Level 1.8 Throwing
 + Level 1.6 Armour
 + Level 3.4 Dodging
 + Level 0.8 Stealth


You had 4 spell levels left.
You didn't know any spells.
Your spell library was empty.

Dungeon Overview and Level Annotations

Branches:
Dungeon (4/15)
 Temple: D:4-7

Altars:
Makhleb
Nemelex Xobeh
Qazlal
Trog


Innate Abilities, Weirdness & Mutations

((You have a pair of small antennae on your head.))
You regenerate a little health from kills.


Message History

The scorpion misses you.
You hit the scorpion.
The scorpion is almost dead.
The scorpion stings you.
* * * LOW HITPOINT WARNING * * *
You are lethally poisoned!
The scorpion poisons you! The scorpion stings you.
* * * LOW HITPOINT WARNING * * *
You are more poisoned.
The scorpion poisons you!
Really quaff the potion of lignification?
You turn into a tree.
Your +0 leather armour melds into your body.
Your roots penetrate the ground.
* * * LOW HITPOINT WARNING * * *
You feel sick.
The scorpion stings you but does no damage.
You hit the scorpion but do no damage.
The scorpion is almost dead.
You die...

#####..# #....>##
#....g# # #.....# .
.>.#.....# .#
#.......# #.###
..........#######.....
####......s.##....#
##......♣.....#
#.....###...######
.......####.......#
#######......###....
####....#######..
####.#..<.......
#.......########
#.......# #........


You could see a scorpion.

Vanquished Creatures
  A hound (D:4)
  4 gnolls
  3 adders
  3 worms (D:3)
  A dart slug (D:1)
  4 leopard geckos
  3 orcs (D:3)
  6 bats
  3 giant cockroaches
  6 goblins
  10 hobgoblins
  5 jackals
  8 kobolds
  A quokka (D:2)
  5 frilled lizards
  5 rats
68 creatures vanquished.

Notes
Turn   | Place    | Note
-------+----------+-------------------------------------------
     0 | D:1      | Derp the Demonspawn Gladiator began the quest for the Orb.
     0 | D:1      | Reached XP level 1. HP: 16/16 MP: 1/1
    59 | D:1      | Gained mutation: You regenerate a little health from kills.
                  | [demonic ancestry]
    59 | D:1      | Reached XP level 2. HP: 19/22 MP: 2/2
   363 | D:1      | Reached skill level 3 in Polearms
   645 | D:1      | Reached XP level 3. HP: 27/27 MP: 3/3
  1748 | D:2      | Reached skill level 1 in Armour
  1748 | D:2      | Reached XP level 4. HP: 16/34 MP: 4/4
  2958 | D:3      | Gained mutation: You have a pair of small antennae on your
                  | head. [demonic ancestry]
  2958 | D:3      | Reached XP level 5. HP: 38/39 MP: 5/5
  3050 | D:3      | Found a stormy altar of Qazlal.
  3075 | D:3      | Reached skill level 4 in Polearms
  3387 | D:3      | Found a sparkling altar of Nemelex Xobeh.
  3387 | D:3      | Found a burning altar of Makhleb.
  3393 | D:3      | Found a faded altar of an unknown god.
  3395 | D:3      | Found a bloodstained altar of Trog.
  3397 | D:3      | Found a faded altar of an unknown god.
  3610 | D:4      | HP: 1/58 [poisoned by a scorpion]
  3611 | D:4      | Succumbed to a scorpion's poison

Skill      XL: |  1  2  3  4  5 |
---------------+----------------+-----
Dodging        | 3 |  3.4
Polearms       | 3 4 |  4.1
Armour         | 1 |  1.6
Fighting       | |  2.7
Throwing       | |  1.8
Stealth        | |  0.8

Action                   |  1- 3 |  4- 6 || total
-------------------------+-------+-------++-------
Melee: Trident           |   166 |   124 ||   290
  Use: Potion            |     1 |     1 ||     2
 Stab: Sleeping          |     2 |     2 ||     4
  Eat: Chunk             |     1 |     3 ||     4
       Ration            |     1 |     1 ||     2
Armor: Leather armour    |    58 |    15 ||    73
       Skin              |     4 |     1 ||     5
Dodge: Dodged            |   119 |    60 ||   179
